 Dungeon Crawl Stone Soup version 0.29-a0-821-g66395355a5 (webtiles) character file.

Game seed: 12197648393105310192

203 IdlyInterested the Shield-Bearer (level 5, -8/41 HPs)
             Began as a Demonspawn Fighter on July 7, 2022.
             Mangled by an ogre
             ... wielding a +0 giant spiked club
              (28 damage)
             ... on level 4 of the Dungeon.
             The game lasted 00:06:10 (3301 turns).

IdlyInterested the Shield-Bearer (DsFi)             Turns: 3301, Time: 00:06:10

Health: -8/41      AC: 13    Str: 16    XL:     5   Next: 51%
Magic:  5/5        EV:  8    Int: 10    God:
Gold:   153        SH:  9    Dex: 14    Spells: 4/4 levels left

rFire   . . .      SeeInvis .   a - +0 flail
rCold   . . .      Faith    .   c - +0 buckler
rNeg    . . .      Spirit   .   f - +0 chain mail
rPois   .          Reflect  .   (no helmet)
rElec   .          Harm     .   (no cloak)
rCorr   .          Rampage  .   (no gloves)
Will    .....                   (no boots)
Stlth   ..........              (no amulet)
HPRegen 0.13/turn               q - +4 ring of protection
MPRegen 0.09/turn               (no ring)

@: no status effects
A: hooves 1, repulsion field 1, condensation shield
a: no special abilities


You were on level 4 of the Dungeon.
You visited 1 branch of the dungeon, and saw 4 of its levels.

You collected 153 gold pieces.

Inventory:

Hand Weapons
 a - a +0 flail (weapon)
Missiles
 e - 8 poisoned darts (quivered)
 g - 3 datura-tipped darts
 i - 3 silver boomerangs
Armour
 b - a +0 scale mail
 c - a +0 buckler (worn)
 f - a +0 chain mail (worn)
 h - a +0 leather armour
 n - a +0 tower shield
Magical Staves
 s - a staff of cold
Jewellery
 q - a +4 ring of protection (left hand)
Scrolls
 j - 2 scrolls of identify
 l - 2 scrolls of teleportation
Potions
 d - a potion of might
 k - a potion of resistance
 m - a potion of berserk rage
 o - 2 potions of curing
 p - 2 potions of heal wounds
 r - a potion of mutation


   Skills:
 + Level 3.5 Fighting
 * Level 3.5 Maces & Flails
 - Level 3.0 Armour
 + Level 1.4 Dodging
 * Level 3.8 Shields


You had 4 spell levels left.
You didn't know any spells.
Your spell library contained the following spells:

 Spells                   Type           Power      Damage    Failure   Level
 Sandblast                Erth           0%         2d4       100%        1
 Slow                     Hex            0%         N/A       100%        1
 Passwall                 Tmut/Erth      0%         N/A       100%        2
 Confusing Touch          Hex            0%         N/A       100%        3
 Stone Arrow              Conj/Erth      0%         3d7       100%        3
 Vampiric Draining        Necr           0%         2d6       100%        3


Dungeon Overview and Level Annotations

Branches:
Dungeon (4/15)
 Temple: D:4-7

Altars:
Kikubaaqudgha


Innate Abilities, Weirdness & Mutations

You have large cloven feet.
You are surrounded by a mild repulsion field. (EV +2)
A meltable shield of frost defends you. (SH +4)


Message History

Found 4 gold pieces.
The endoplasm quivers.
You see here a staff of cold.
s - a staff of cold The endoplasm freezes you.
You are frozen.
You hit the endoplasm. Your kick misses the endoplasm.
The endoplasm is lightly wounded.
You block the endoplasm's attack.
You hit the endoplasm.
The endoplasm is moderately wounded.
You block the endoplasm's attack.
The endoplasm hits you but does no damage.
You hit the endoplasm.
The endoplasm is severely wounded.
The endoplasm hits you but does no damage.
You barely miss the endoplasm. You kick the endoplasm.
You kill the endoplasm!
You now have 153 gold pieces (gained 4).
HP restored.
An ogre comes into view. It is wielding a +0 giant spiked club.
Throw: 9 darts (poison)
Press: ? - help, Q - select action, (/) - cycle Shift-Dir - straight line, f - ogre
Aim: an ogre, wielding a +0 giant spiked club (74% to hit)
You throw a poisoned dart. The poisoned dart hits the ogre.
The ogre is poisoned.
You barely miss the ogre.
The ogre is lightly wounded.
The ogre hits you with a +0 giant spiked club!
You sock the ogre! You kick the ogre.
The ogre is heavily wounded.
The ogre hits you with a +0 giant spiked club!
You sock the ogre! Your kick misses the ogre.
The ogre is almost dead.
The ogre barely misses you.
You hit the ogre but do no damage.
The ogre is almost dead.
The ogre hits you with a +0 giant spiked club!!
Ouch! That really hurt!
You die...

..............# #.#.
#.......##.# #...
#.......##.#####..#
#.......##....)....
####.#######.......
###.#######.###.##
#...........# #.##
#.#.##.[..........
#@#.............##
.....(O.#####.#########
##....... .. #########


You could see an ogre (poisoned).

Vanquished Creatures
  A phantom (D:4)
  An orc priest (D:4)
  2 adders
  4 worms
  3 dart slugs
  3 orcs
  4 endoplasms
  2 goblins
  A hobgoblin (D:1)
  7 jackals
  4 kobolds
  2 quokkas (D:3)
  11 ball pythons
  6 bats
  7 frilled lizards
  3 rats (D:3)
61 creatures vanquished.

Notes
Turn   | Place    | Note
-------+----------+-------------------------------------------
     0 | D:1      | IdlyInterested the Demonspawn Fighter began the quest for
                  | the Orb.
     0 | D:1      | Reached XP level 1. HP: 18/18 MP: 1/1
     2 | D:1      | Noticed an ogre
     2 | D:1      | Noticed an octopode
     4 | D:1      | Noticed an elf
     4 | D:1      | Noticed a vampire
     6 | D:1      | Noticed a human
     8 | D:1      | Noticed a demigod
     8 | D:1      | Noticed a naga
    10 | D:1      | Noticed a gargoyle
    12 | D:1      | Noticed a minotaur
    14 | D:1      | Noticed a formicid
    14 | D:1      | Noticed a merfolk
    16 | D:1      | Noticed a ghoul
    16 | D:1      | Noticed a troll
    18 | D:1      | Noticed a felid
    18 | D:1      | Noticed a demonspawn
    20 | D:1      | Noticed a draconian
    20 | D:1      | Noticed a dwarf
    22 | D:1      | Noticed a vine stalker
    24 | D:1      | Noticed a tengu
    26 | D:1      | Noticed a spriggan
   590 | D:1      | Gained mutation: You have large cloven feet. [demonic
                  | ancestry]
   590 | D:1      | Reached XP level 2. HP: 22/24 MP: 2/2
  1227 | D:2      | Gained mutation: A meltable shield of frost defends you.
                  | (SH +4) [demonic ancestry]
  1227 | D:2      | Reached XP level 3. HP: 28/29 MP: 3/3
  1489 | D:2      | Found an ancient bone altar of Kikubaaqudgha.
  2073 | D:3      | Found a faded altar of an unknown god.
  2798 | D:3      | Reached XP level 4. HP: 35/35 MP: 4/4
  3199 | D:4      | Reached skill level 1 in Dodging
  3222 | D:4      | Noticed a phantom
  3239 | D:4      | Killed a phantom
  3240 | D:4      | Gained mutation: You are surrounded by a mild repulsion
                  | field. (EV +2) [demonic ancestry]
  3240 | D:4      | Reached XP level 5. HP: 35/41 MP: 5/5
  3296 | D:4      | Noticed an ogre
  3301 | D:4      | Mangled by an ogre

Illustrated notes

Levels and vault maps discovered:
D:1:      kb_arrival_jail, layout_basic
D:2:      layout_basic, basic_altar, minmay_indecisive_spiral
D:3:      minmay_chambers_of_threes, layout_loops_corners,
          basic_ecumenical_altar
D:4:      layout_loops_ring, gammafunk_ghost_arena

Skill      XL: |  1  2  3  4 |
---------------+-------------+-----
Maces & Flails | 2 3 |  3.5
Armour         | 3 |  3.0
Shields        | 3 |  3.8
Dodging        | 1 |  1.4
Fighting       | |  3.5

Action                   |  1- 3 |  4- 6 || total
-------------------------+-------+-------++-------
Melee: Flail             |   139 |    62 ||   201
       Kick              |    18 |    24 ||    42
Throw: Dart              |       |     1 ||     1
  Use: Potion            |     4 |       ||     4
       Scroll            |     7 |     2 ||     9
Armor: Scale mail        |    30 |       ||    30
       Chain mail        |    52 |    25 ||    77
Dodge: Dodged            |    42 |    11 ||    53
Block: Buckler           |    66 |    28 ||    94

Table legend: (Time is in decaauts)
 A = Elapsed time spent in this place.
 B = Non-inter-level travel time spent in this place.
 C = Inter-level travel time spent in this place.
 D = Time resting spent in this place.
 E = Time spent auto-exploring this place.
 F = Levels seen in this place.
 G = Mean time per level.
                   A        B        C        D        E       F      G
               +--------+--------+--------+--------+--------+-----+--------+
         Total |   3362 |   3241 |    121 |    292 |   2257 |   4 |  840.5 |
       Dungeon |   3362 |   3241 |    121 |    292 |   2257 |   4 |  840.5 |
               +--------+--------+--------+--------+--------+-----+--------+

Top non-repeatable levels by time:
     D:1: 1159 daAuts
     D:3: 1137 daAuts
     D:2: 937 daAuts
     D:4: 128 daAuts
